[ AOE2 MATCH · #478569293 ]
UnrankedGoths vs Celts
[ REPLAY ANALYSIS · EXTRACTED FROM THE RECORDED GAME ]
Feudal
10:23
Castle
20:13
Imperial
34:17
| APM avg | 27.8 |
| APM peak | 83 |
| eAPM avg | 22.7 |
| Villagers / military | 132 / 504 |
Focus
⚔️ 57.6% · 🌾 42.4%
Huskarl ×337 · Spearman ×130 · Militia ×25 · Bombard Cannon ×11 · Trade Cart ×10 · Monk ×1
Feudal
12:27
Castle
23:45
Imperial
46:15
| APM avg | 16.0 |
| APM peak | 57 |
| eAPM avg | 11.6 |
| Villagers / military | 78 / 179 |
Focus
⚔️ 46.9% · 🌾 53.1%
Woad Raider ×130 · Trade Cart ×19 · Knight ×15 · Militia ×12 · Battering Ram ×12 · Spearman ×10
Feudal
9:16
Castle
21:20
Imperial
32:22
| APM avg | 30.2 |
| APM peak | 79 |
| eAPM avg | 19.8 |
| Villagers / military | 131 / 199 |
Focus
⚔️ 29.7% · 🌾 70.3%
Knight ×153 · Trade Cart ×31 · Bombard Cannon ×31 · Mangonel ×5 · Scout Cavalry ×5 · Trebuchet (Packed) ×3
Feudal
10:51
Castle
19:27
Imperial
36:02
| APM avg | 36.9 |
| APM peak | 82 |
| eAPM avg | 13.7 |
| Villagers / military | 105 / 326 |
Focus
⚔️ 38.6% · 🌾 61.4%
Camel Scout ×166 · Chakram Thrower ×98 · Shrivamsha Rider ×55 · Trade Cart ×6 · Trebuchet (Packed) ×4 · Monk ×3
Feudal
10:53
Castle
22:41
Imperial
35:16
| APM avg | 16.5 |
| APM peak | 47 |
| eAPM avg | 13.6 |
| Villagers / military | 93 / 212 |
Focus
⚔️ 42.2% · 🌾 57.8%
Conquistador ×130 · Knight ×68 · Trade Cart ×28 · Spearman ×6 · Mangonel ×3 · Battering Ram ×3
Feudal
12:53
Castle
18:17
Imperial
34:14
| APM avg | 15.5 |
| APM peak | 33 |
| eAPM avg | 12.5 |
| Villagers / military | 130 / 314 |
Focus
⚔️ 34.3% · 🌾 65.7%
Scout Cavalry ×186 · Janissary ×104 · Bombard Cannon ×24
Match map
Initial resources + every placement click. Lines = walls · curves = elevation contours. ◆ gold · ⬟ stone · ● berries · ✦ relic · ◌ wall gap
Your base· Open — opponent sealed themselves in
amossegaetan's base· ✓ Closed at 23:45 · 39t walls · 1 gate(s)
nutix's base· Open — opponent sealed themselves in
PetitWawan's base· ✓ Closed at 19:27 · 0t walls · 1 gate(s)
xinako13's base· Open — opponent sealed themselves in
Moritzbrandy's base· ✓ Closed at 18:17 · 22t walls · 1 gate(s)
Smoothed initial terrain · ◌ = detected wall gap · hover for details
Inputs per minute
— Dellafluf - - amossegaetan
Build order — Dellafluf
First 150 of 850 actions detected
| 0:04 | Create | Villager (Male) |
| 0:04 | Create | Villager (Male) |
| 0:04 | Create | Villager (Male) |
| 0:04 | Create | Villager (Male) |
| 0:06 | Build | House |
| 0:07 | Build | House |
| 1:30 | Create | Villager (Male) |
| 2:04 | Build | Lumber Camp |
| 2:05 | Create | Villager (Male) |
| 2:16 | Research | Loom |
| 2:23 | Create | Villager (Male) |
| 2:53 | Create | Villager (Male) |
| 3:03 | Build | House |
| 3:17 | Create | Villager (Male) |
| 3:51 | Create | Villager (Male) |
| 3:51 | Create | Villager (Male) |
| 4:18 | Create | Villager (Male) |
| 4:31 | Create | Villager (Male) |
| 5:30 | Create | Villager (Male) |
| 5:41 | Create | Villager (Male) |
| 5:50 | Build | House |
| 5:55 | Create | Villager (Male) |
| 6:42 | Create | Villager (Male) |
| 6:54 | Create | Villager (Male) |
| 7:34 | Build | Mill |
| 7:36 | Create | Villager (Male) |
| 8:13 | Research | Feudal Age |
| 8:27 | Build | Barracks |
| 8:35 | Build | Mining Camp |
| 8:55 | Build | House |
| 8:56 | Build | House |
| 9:09 | Create | Villager (Male) |
| 9:14 | Create | Villager (Male) |
| 10:23 | Age | Feudal Age |
| 10:23 | Create | Villager (Male) |
| 10:32 | Build | Mining Camp |
| 10:41 | Research | Double-Bit Axe |
| 10:43 | Research | Horse Collar |
| 11:04 | Create | Villager (Male) |
| 11:30 | Build | Farm |
| 11:33 | Build | Farm |
| 11:36 | Build | Farm |
| 11:40 | Build | Farm |
| 11:50 | Build | Blacksmith |
| 11:54 | Create | Villager (Male) |
| 11:59 | Create | Villager (Male) |
| 12:34 | Create | Villager (Male) |
| 13:05 | Build | Market |
| 13:11 | Create | Villager (Male) |
| 13:17 | Create | Villager (Male) |
| 13:27 | Build | House |
| 14:23 | Build | Watch Tower |
| 14:27 | Build | Lumber Camp |
| 14:30 | Create | Villager (Male) |
| 14:31 | Create | Villager (Male) |
| 14:47 | Build | Farm |
| 14:52 | Build | Farm |
| 14:54 | Create | Villager (Male) |
| 15:27 | Create | Villager (Male) |
| 15:35 | Create | Villager (Male) |
| 15:43 | Build | Farm |
| 15:47 | Build | Farm |
| 15:56 | Build | Farm |
| 15:58 | Create | Villager (Male) |
| 16:26 | Build | House |
| 16:33 | Create | Villager (Male) |
| 16:39 | Build | House |
| 16:41 | Build | House |
| 17:06 | Build | Farm |
| 17:14 | Build | Farm |
| 17:24 | Build | Barracks |
| 17:33 | Research | Castle Age |
| 18:00 | Create | Villager (Male) |
| 18:28 | Build | Lumber Camp |
| 19:15 | Create | Villager (Male) |
| 20:02 | Create | Villager (Male) |
| 20:13 | Age | Castle Age |
| 20:23 | Build | Castle |
| 20:33 | Build | Monastery |
| 20:40 | Create | Villager (Male) |
| 20:51 | Build | Town Center |
| 20:53 | Create | Villager (Male) |
| 20:53 | Create | Villager (Male) |
| 21:00 | Research | Scale Mail Armor |
| 21:24 | Build | Town Center |
| 21:36 | Create | Villager (Male) |
| 21:38 | Create | Villager (Male) |
| 21:42 | Build | House |
| 21:44 | Build | House |
| 21:45 | Build | House |
| 21:46 | Build | House |
| 21:47 | Build | House |
| 21:54 | Create | Monk |
| 22:10 | Create | Villager (Male) |
| 22:24 | Create | Huskarl |
| 22:25 | Create | Huskarl |
| 22:27 | Create | Huskarl |
| 22:28 | Create | Huskarl |
| 22:30 | Create | Villager (Male) |
| 22:34 | Research | Chain Mail Armor |
| 22:37 | Research | Forging |
| 22:43 | Create | Villager (Male) |
| 22:44 | Create | Villager (Male) |
| 22:47 | Build | Farm |
| 22:48 | Build | Farm |
| 22:48 | Build | Farm |
| 22:57 | Create | Villager (Male) |
| 23:01 | Create | Villager (Male) |
| 23:05 | Build | Farm |
| 23:06 | Build | Farm |
| 23:07 | Build | Farm |
| 23:12 | Build | Farm |
| 23:15 | Build | Farm |
| 23:18 | Build | Farm |
| 23:19 | Create | Villager (Male) |
| 23:22 | Create | Villager (Male) |
| 23:26 | Build | Farm |
| 23:39 | Build | Farm |
| 23:42 | Build | Farm |
| 23:44 | Create | Villager (Male) |
| 23:50 | Create | Villager (Male) |
| 23:53 | Create | Villager (Male) |
| 24:07 | Create | Villager (Male) |
| 24:17 | Create | Huskarl |
| 24:21 | Create | Huskarl |
| 24:28 | Build | Farm |
| 24:31 | Build | Farm |
| 24:34 | Build | Farm |
| 24:38 | Create | Villager (Male) |
| 24:38 | Create | Villager (Male) |
| 24:46 | Build | House |
| 24:47 | Build | House |
| 24:49 | Build | House |
| 24:54 | Create | Huskarl |
| 24:56 | Create | Huskarl |
| 24:59 | Create | Huskarl |
| 25:09 | Create | Villager (Male) |
| 25:18 | Create | Villager (Male) |
| 25:25 | Build | Farm |
| 25:31 | Build | Farm |
| 25:35 | Build | Farm |
| 25:40 | Build | Farm |
| 25:42 | Create | Villager (Male) |
| 25:43 | Create | Villager (Male) |
| 25:44 | Create | Villager (Male) |
| 25:45 | Create | Villager (Male) |
| 25:48 | Create | Villager (Male) |
| 25:51 | Create | Villager (Male) |
| 26:02 | Build | Farm |
| 26:05 | Build | Farm |
Build order — amossegaetan
First 150 of 449 actions detected
| 0:05 | Research | Loom |
| 0:05 | Create | Villager (Male) |
| 0:05 | Create | Villager (Male) |
| 0:06 | Create | Villager (Male) |
| 0:06 | Create | Villager (Male) |
| 0:29 | Build | House |
| 0:30 | Build | House |
| 0:32 | Build | House |
| 0:33 | Build | House |
| 2:40 | Create | Villager (Male) |
| 2:41 | Create | Villager (Male) |
| 2:41 | Create | Villager (Male) |
| 3:10 | Create | Villager (Male) |
| 3:17 | Build | Mill |
| 3:39 | Create | Villager (Male) |
| 4:04 | Create | Villager (Male) |
| 4:29 | Create | Villager (Male) |
| 4:44 | Create | Villager (Male) |
| 5:16 | Create | Villager (Male) |
| 5:45 | Build | Lumber Camp |
| 5:52 | Create | Villager (Male) |
| 5:52 | Create | Villager (Male) |
| 6:08 | Create | Villager (Male) |
| 6:32 | Create | Villager (Male) |
| 6:43 | Create | Villager (Male) |
| 7:53 | Create | Villager (Male) |
| 7:53 | Create | Villager (Male) |
| 8:29 | Build | Mining Camp |
| 8:45 | Build | Mining Camp |
| 9:05 | Build | House |
| 9:06 | Build | House |
| 9:12 | Create | Villager (Male) |
| 9:12 | Create | Villager (Male) |
| 10:17 | Research | Feudal Age |
| 11:10 | Build | Barracks |
| 12:13 | Build | Barracks |
| 12:27 | Age | Feudal Age |
| 12:32 | Research | Wheelbarrow |
| 12:32 | Research | Town Watch |
| 12:34 | Research | Horse Collar |
| 12:38 | Research | Double-Bit Axe |
| 13:14 | Build | Stone Wall |
| 13:19 | Build | Gate |
| 13:21 | Research | Man-at-Arms (upgrade) |
| 13:25 | Build | Farm |
| 13:26 | Build | Farm |
| 13:28 | Build | Farm |
| 13:31 | Build | Farm |
| 13:34 | Build | Farm |
| 13:38 | Build | Farm |
| 13:43 | Create | Villager (Male) |
| 13:43 | Create | Villager (Male) |
| 14:31 | Create | Villager (Male) |
| 14:31 | Create | Villager (Male) |
| 14:51 | Build | Market |
| 15:00 | Create | Villager (Male) |
| 15:07 | Build | Farm |
| 15:28 | Create | Villager (Male) |
| 15:29 | Create | Villager (Male) |
| 15:30 | Build | Farm |
| 15:53 | Build | Lumber Camp |
| 15:56 | Build | Farm |
| 15:59 | Create | Villager (Male) |
| 15:59 | Create | Villager (Male) |
| 16:16 | Build | House |
| 16:18 | Build | House |
| 16:19 | Build | House |
| 16:20 | Build | House |
| 16:24 | Build | Farm |
| 16:27 | Create | Villager (Male) |
| 16:27 | Create | Villager (Male) |
| 16:50 | Build | Farm |
| 17:02 | Create | Villager (Male) |
| 17:02 | Create | Villager (Male) |
| 17:31 | Build | Farm |
| 17:50 | Build | Barracks |
| 17:58 | Build | Farm |
| 18:00 | Build | Farm |
| 18:31 | Create | Spearman |
| 18:32 | Create | Spearman |
| 18:32 | Create | Spearman |
| 18:32 | Create | Spearman |
| 18:50 | Create | Spearman |
| 18:50 | Create | Spearman |
| 18:51 | Create | Spearman |
| 18:54 | Build | Farm |
| 18:56 | Build | Farm |
| 19:54 | Build | Farm |
| 19:58 | Build | Farm |
| 20:03 | Build | Farm |
| 20:10 | Build | Blacksmith |
| 20:30 | Build | Barracks |
| 21:05 | Research | Castle Age |
| 21:27 | Create | Spearman |
| 21:27 | Create | Spearman |
| 21:27 | Create | Spearman |
| 21:28 | Create | Militia |
| 21:28 | Create | Militia |
| 21:29 | Create | Militia |
| 21:41 | Research | Gold Mining |
| 21:46 | Research | Stone Mining |
| 22:01 | Research | Scale Mail Armor |
| 22:15 | Build | Stone Wall |
| 22:55 | Research | Forging |
| 22:56 | Research | Fletching |
| 23:30 | Build | Barracks |
| 23:36 | Build | Barracks |
| 23:45 | Age | Castle Age |
| 23:49 | Research | Hand Cart |
| 23:52 | Research | Heavy Plow |
| 24:10 | Build | Gate |
| 24:27 | Research | Bow Saw |
| 24:32 | Create | Villager (Male) |
| 24:32 | Create | Villager (Male) |
| 24:33 | Create | Villager (Male) |
| 24:45 | Build | Town Center |
| 25:04 | Research | Pikeman (upgrade) |
| 25:45 | Create | Villager (Male) |
| 25:46 | Create | Villager (Male) |
| 25:46 | Create | Villager (Male) |
| 25:59 | Build | Siege Workshop |
| 26:10 | Research | Long Swordsman (upgrade) |
| 26:13 | Research | Gambesons |
| 26:43 | Build | Farm |
| 26:47 | Create | Villager (Male) |
| 26:47 | Create | Villager (Male) |
| 26:47 | Create | Villager (Male) |
| 26:47 | Create | Villager (Male) |
| 27:11 | Build | Castle |
| 27:37 | Build | Stable |
| 28:14 | Create | Militia |
| 28:14 | Create | Militia |
| 28:15 | Create | Militia |
| 28:15 | Create | Militia |
| 28:15 | Create | Militia |
| 28:15 | Create | Militia |
| 28:16 | Create | Militia |
| 28:16 | Create | Militia |
| 28:16 | Create | Militia |
| 28:23 | Build | Town Center |
| 28:31 | Build | House |
| 28:32 | Build | House |
| 28:33 | Build | House |
| 28:34 | Build | House |
| 28:35 | Build | House |
| 28:37 | Build | House |
| 28:44 | Research | Husbandry |
| 28:44 | Create | Knight |
| 28:45 | Create | Knight |
| 28:45 | Create | Knight |
Build order — nutix
First 150 of 517 actions detected
| 0:02 | Build | House |
| 0:03 | Create | Villager (Male) |
| 0:03 | Create | Villager (Male) |
| 0:04 | Create | Villager (Male) |
| 0:04 | Create | Villager (Male) |
| 0:04 | Create | Villager (Male) |
| 0:06 | Build | House |
| 1:34 | Create | Villager (Male) |
| 1:59 | Build | Lumber Camp |
| 2:04 | Create | Villager (Male) |
| 2:20 | Create | Villager (Male) |
| 2:20 | Create | Villager (Male) |
| 3:10 | Create | Villager (Male) |
| 3:11 | Create | Villager (Male) |
| 3:53 | Create | Villager (Male) |
| 4:06 | Build | House |
| 4:37 | Build | Mill |
| 4:53 | Create | Villager (Male) |
| 4:53 | Create | Villager (Male) |
| 5:33 | Create | Villager (Male) |
| 5:33 | Create | Villager (Male) |
| 5:43 | Create | Villager (Male) |
| 7:06 | Research | Feudal Age |
| 7:46 | Build | House |
| 7:56 | Build | Barracks |
| 8:13 | Create | Villager (Male) |
| 8:14 | Create | Villager (Male) |
| 8:46 | Create | Villager (Male) |
| 9:16 | Age | Feudal Age |
| 9:19 | Research | Double-Bit Axe |
| 9:25 | Build | Stable |
| 9:33 | Build | Farm |
| 9:46 | Create | Villager (Male) |
| 9:47 | Create | Villager (Male) |
| 10:21 | Build | Farm |
| 10:36 | Build | Farm |
| 10:41 | Create | Villager (Male) |
| 11:04 | Build | Lumber Camp |
| 11:14 | Create | Villager (Male) |
| 11:39 | Create | Villager (Male) |
| 11:39 | Create | Villager (Male) |
| 11:39 | Create | Villager (Male) |
| 11:49 | Build | House |
| 11:53 | Build | Farm |
| 12:00 | Build | Farm |
| 12:25 | Build | Blacksmith |
| 13:04 | Build | Market |
| 13:10 | Create | Villager (Male) |
| 13:11 | Create | Villager (Male) |
| 13:17 | Create | Villager (Male) |
| 13:19 | Create | Villager (Male) |
| 13:23 | Build | Farm |
| 13:51 | Create | Villager (Male) |
| 13:52 | Create | Villager (Male) |
| 14:00 | Build | Farm |
| 14:14 | Create | Villager (Male) |
| 14:32 | Build | Mining Camp |
| 14:35 | Create | Villager (Male) |
| 14:46 | Build | House |
| 14:56 | Build | House |
| 15:01 | Build | House |
| 15:08 | Build | House |
| 15:14 | Research | Forging |
| 15:15 | Create | Scout Cavalry |
| 15:17 | Create | Scout Cavalry |
| 15:18 | Create | Scout Cavalry |
| 15:43 | Create | Scout Cavalry |
| 15:53 | Build | Farm |
| 16:13 | Create | Villager (Male) |
| 16:17 | Research | Wheelbarrow |
| 16:20 | Build | Farm |
| 16:24 | Build | Farm |
| 16:27 | Build | Farm |
| 16:31 | Build | Farm |
| 16:34 | Build | Farm |
| 17:04 | Build | Farm |
| 17:09 | Build | Farm |
| 17:16 | Create | Scout Cavalry |
| 17:49 | Create | Villager (Male) |
| 17:55 | Build | Farm |
| 17:58 | Build | Farm |
| 18:02 | Build | Farm |
| 18:40 | Research | Castle Age |
| 18:55 | Build | Mining Camp |
| 19:07 | Build | Lumber Camp |
| 21:20 | Age | Castle Age |
| 21:26 | Build | Town Center |
| 21:45 | Build | Town Center |
| 21:56 | Create | Villager (Male) |
| 21:56 | Create | Villager (Male) |
| 21:56 | Create | Villager (Male) |
| 22:03 | Create | Villager (Male) |
| 22:26 | Build | House |
| 22:27 | Build | House |
| 23:02 | Research | Bow Saw |
| 23:14 | Create | Villager (Male) |
| 23:15 | Create | Villager (Male) |
| 23:16 | Create | Villager (Male) |
| 23:20 | Create | Villager (Male) |
| 23:21 | Create | Villager (Male) |
| 23:21 | Create | Villager (Male) |
| 23:26 | Create | Villager (Male) |
| 23:27 | Create | Villager (Male) |
| 23:27 | Create | Villager (Male) |
| 23:27 | Create | Villager (Male) |
| 23:28 | Create | Villager (Male) |
| 23:33 | Create | Villager (Male) |
| 23:33 | Create | Villager (Male) |
| 23:33 | Create | Villager (Male) |
| 23:50 | Create | Villager (Male) |
| 24:10 | Build | Town Center |
| 24:16 | Create | Villager (Male) |
| 24:32 | Build | Farm |
| 24:40 | Create | Villager (Male) |
| 24:40 | Create | Villager (Male) |
| 24:41 | Create | Villager (Male) |
| 24:42 | Create | Villager (Male) |
| 24:49 | Research | Gold Mining |
| 24:57 | Build | Farm |
| 25:05 | Create | Villager (Male) |
| 25:15 | Create | Villager (Male) |
| 25:19 | Build | House |
| 25:20 | Build | House |
| 25:23 | Build | House |
| 25:27 | Create | Villager (Male) |
| 25:27 | Create | Villager (Male) |
| 25:28 | Create | Villager (Male) |
| 25:32 | Build | Farm |
| 25:35 | Build | Farm |
| 25:40 | Build | Farm |
| 25:48 | Build | Mining Camp |
| 25:52 | Create | Villager (Male) |
| 25:53 | Create | Villager (Male) |
| 25:54 | Create | Villager (Male) |
| 25:54 | Create | Villager (Male) |
| 25:55 | Create | Villager (Male) |
| 25:56 | Research | Hand Cart |
| 25:57 | Research | Town Watch |
| 25:59 | Create | Villager (Male) |
| 25:59 | Create | Villager (Male) |
| 26:02 | Build | Farm |
| 26:05 | Create | Villager (Male) |
| 26:05 | Create | Villager (Male) |
| 26:05 | Create | Villager (Male) |
| 26:09 | Create | Villager (Male) |
| 26:09 | Create | Villager (Male) |
| 26:15 | Build | House |
| 26:16 | Build | House |
| 26:17 | Build | House |
| 26:20 | Build | House |
Build order — PetitWawan
First 150 of 393 actions detected
| 0:02 | Build | House |
| 0:05 | Build | House |
| 0:07 | Create | Villager (Male) |
| 0:07 | Create | Villager (Male) |
| 0:08 | Create | Villager (Male) |
| 0:08 | Create | Villager (Male) |
| 1:48 | Build | Mill |
| 2:41 | Create | Villager (Male) |
| 2:41 | Create | Villager (Male) |
| 3:29 | Create | Villager (Male) |
| 3:42 | Create | Villager (Male) |
| 3:42 | Create | Villager (Male) |
| 4:19 | Build | House |
| 4:26 | Create | Villager (Male) |
| 4:48 | Create | Villager (Male) |
| 4:48 | Create | Villager (Male) |
| 4:49 | Create | Villager (Male) |
| 5:29 | Create | Villager (Male) |
| 6:07 | Build | House |
| 6:16 | Create | Villager (Male) |
| 6:24 | Build | Lumber Camp |
| 7:16 | Create | Villager (Male) |
| 7:39 | Create | Villager (Male) |
| 8:41 | Research | Feudal Age |
| 8:42 | Create | Villager (Male) |
| 8:56 | Build | Lumber Camp |
| 9:21 | Build | Mill |
| 9:38 | Create | Villager (Male) |
| 10:31 | Build | Farm |
| 10:34 | Build | Farm |
| 10:35 | Build | Farm |
| 10:36 | Build | Farm |
| 10:40 | Build | Farm |
| 10:42 | Build | Farm |
| 10:51 | Age | Feudal Age |
| 10:54 | Research | Horse Collar |
| 10:58 | Research | Double-Bit Axe |
| 11:13 | Create | Villager (Male) |
| 11:21 | Build | Farm |
| 11:44 | Build | Farm |
| 11:48 | Create | Villager (Male) |
| 12:16 | Create | Villager (Male) |
| 12:22 | Build | Farm |
| 12:43 | Build | House |
| 12:53 | Build | Farm |
| 13:03 | Build | Barracks |
| 13:21 | Build | House |
| 13:23 | Build | House |
| 13:26 | Create | Villager (Male) |
| 13:44 | Build | Blacksmith |
| 13:52 | Build | Palisade Gate |
| 13:55 | Create | Villager (Male) |
| 14:15 | Build | Mining Camp |
| 14:18 | Create | Villager (Male) |
| 14:28 | Build | House |
| 14:37 | Create | Villager (Male) |
| 14:43 | Create | Villager (Male) |
| 15:21 | Build | Stable |
| 15:25 | Create | Villager (Male) |
| 15:36 | Research | Gold Mining |
| 16:15 | Create | Villager (Male) |
| 16:47 | Research | Castle Age |
| 17:15 | Create | Villager (Male) |
| 18:12 | Create | Villager (Male) |
| 18:57 | Research | Forging |
| 19:02 | Research | Scale Barding Armor |
| 19:27 | Age | Castle Age |
| 19:31 | Create | Villager (Male) |
| 19:38 | Build | Town Center |
| 19:49 | Build | Town Center |
| 19:56 | Research | Bow Saw |
| 19:57 | Create | Villager (Male) |
| 19:58 | Create | Villager (Male) |
| 19:58 | Create | Villager (Male) |
| 20:29 | Research | Heavy Plow |
| 20:49 | Build | Monastery |
| 21:02 | Create | Villager (Male) ×5 |
| 21:09 | Create | Villager (Male) ×5 |
| 21:13 | Research | Stone Mining |
| 21:18 | Create | Monk |
| 21:18 | Create | Monk |
| 21:18 | Create | Monk |
| 21:28 | Build | Farm |
| 21:29 | Build | Farm |
| 21:33 | Build | Farm |
| 21:38 | Build | Farm |
| 21:44 | Build | Farm |
| 21:49 | Create | Villager (Male) |
| 21:49 | Create | Villager (Male) |
| 21:50 | Create | Villager (Male) |
| 21:56 | Research | Wheelbarrow |
| 22:15 | Build | Mining Camp |
| 22:24 | Build | Lumber Camp |
| 22:28 | Create | Villager (Male) |
| 22:59 | Create | Villager (Male) |
| 23:00 | Create | Villager (Male) |
| 23:05 | Create | Villager (Male) |
| 23:07 | Create | Villager (Male) |
| 23:07 | Create | Villager (Male) |
| 23:31 | Build | House |
| 23:32 | Build | House |
| 23:37 | Build | Palisade Gate |
| 23:45 | Build | House |
| 23:50 | Build | House |
| 24:07 | Build | Stable |
| 24:10 | Build | Stable |
| 24:13 | Create | Villager (Male) |
| 24:13 | Create | Villager (Male) |
| 24:14 | Create | Villager (Male) |
| 24:14 | Create | Villager (Male) |
| 24:16 | Create | Villager (Male) |
| 24:16 | Create | Villager (Male) |
| 24:25 | Build | House |
| 24:28 | Build | House |
| 24:34 | Build | House |
| 24:38 | Build | House |
| 24:41 | Create | Villager (Male) |
| 24:43 | Create | Villager (Male) |
| 24:48 | Research | Stone Shaft Mining |
| 25:39 | Create | Villager (Male) ×5 |
| 25:42 | Create | Villager (Male) |
| 26:04 | Build | Castle |
| 26:26 | Build | Lumber Camp |
| 26:32 | Build | Stable |
| 26:38 | Build | Stable |
| 26:41 | Create | Villager (Male) |
| 26:41 | Create | Villager (Male) |
| 26:45 | Create | Villager (Male) |
| 26:46 | Create | Villager (Male) |
| 26:55 | Build | Farm |
| 26:57 | Build | Farm |
| 26:57 | Build | Farm |
| 26:58 | Build | Farm |
| 26:59 | Build | Farm |
| 27:00 | Build | Farm |
| 27:03 | Create | Villager (Male) |
| 27:05 | Create | Villager (Male) |
| 27:07 | Create | Villager (Male) |
| 27:23 | Build | Mill |
| 27:29 | Build | Farm |
| 27:29 | Build | Farm |
| 27:30 | Build | Farm |
| 27:30 | Build | Farm |
| 27:30 | Build | Farm |
| 27:32 | Build | Farm |
| 27:33 | Build | Farm |
| 27:37 | Build | Farm |
| 27:50 | Create | Shrivamsha Rider ×5 |
| 27:51 | Create | Shrivamsha Rider ×5 |
| 27:51 | Create | Shrivamsha Rider ×5 |
Build order — xinako13
First 150 of 490 actions detected
| 0:03 | Create | Villager (Male) |
| 0:03 | Create | Villager (Male) |
| 0:03 | Create | Villager (Male) |
| 0:06 | Build | House |
| 0:07 | Build | House |
| 0:27 | Create | Villager (Male) |
| 1:32 | Create | Villager (Male) |
| 2:02 | Create | Villager (Male) |
| 2:20 | Create | Villager (Male) |
| 2:45 | Create | Villager (Male) |
| 2:49 | Research | Loom |
| 3:09 | Build | Lumber Camp |
| 3:21 | Create | Villager (Male) |
| 4:03 | Create | Villager (Male) |
| 4:29 | Build | Mill |
| 4:54 | Create | Villager (Male) |
| 4:55 | Create | Villager (Male) |
| 4:55 | Create | Villager (Male) |
| 5:02 | Build | House |
| 6:16 | Create | Villager (Male) |
| 6:17 | Create | Villager (Male) |
| 6:22 | Build | House |
| 6:37 | Create | Villager (Male) |
| 7:28 | Create | Villager (Male) |
| 7:30 | Create | Villager (Male) |
| 8:43 | Research | Feudal Age |
| 8:54 | Build | Lumber Camp |
| 9:20 | Create | Villager (Male) |
| 9:21 | Create | Villager (Male) |
| 9:27 | Build | House |
| 9:52 | Build | Farm |
| 10:08 | Create | Villager (Male) |
| 10:37 | Create | Villager (Male) |
| 10:53 | Age | Feudal Age |
| 10:54 | Build | Barracks |
| 11:19 | Create | Villager (Male) |
| 11:20 | Create | Villager (Male) |
| 11:36 | Build | Watch Tower |
| 11:46 | Create | Villager (Male) |
| 11:47 | Create | Villager (Male) |
| 11:56 | Research | Horse Collar |
| 12:39 | Research | Wheelbarrow |
| 13:05 | Create | Villager (Male) |
| 13:21 | Build | Farm |
| 13:21 | Build | Farm |
| 13:22 | Build | Farm |
| 13:23 | Build | Farm |
| 13:28 | Build | Farm |
| 13:35 | Build | Farm |
| 13:35 | Build | Farm |
| 13:36 | Build | Farm |
| 13:50 | Build | House |
| 13:57 | Create | Villager (Male) |
| 13:57 | Create | Villager (Male) |
| 14:20 | Create | Spearman |
| 14:20 | Create | Spearman |
| 14:21 | Create | Spearman |
| 15:23 | Build | Farm |
| 15:25 | Build | Farm |
| 15:26 | Build | Farm |
| 15:28 | Build | Farm |
| 15:38 | Create | Villager (Male) |
| 15:38 | Create | Villager (Male) |
| 15:55 | Build | House |
| 16:02 | Build | Mining Camp |
| 16:08 | Create | Villager (Male) |
| 16:34 | Create | Villager (Male) |
| 16:46 | Build | Blacksmith |
| 16:55 | Build | Market |
| 17:15 | Create | Villager (Male) |
| 17:15 | Create | Villager (Male) |
| 18:04 | Build | House |
| 18:06 | Build | House |
| 18:08 | Build | House |
| 18:09 | Build | House |
| 18:31 | Create | Spearman |
| 18:31 | Create | Spearman |
| 18:32 | Create | Spearman |
| 18:40 | Create | Trade Cart |
| 18:40 | Create | Trade Cart |
| 18:40 | Create | Trade Cart |
| 18:54 | Research | Double-Bit Axe |
| 19:03 | Research | Gold Mining |
| 19:09 | Create | Villager (Male) |
| 19:09 | Create | Villager (Male) |
| 19:54 | Research | Castle Age |
| 19:55 | Create | Villager (Male) |
| 19:55 | Create | Villager (Male) |
| 20:19 | Create | Trade Cart |
| 20:19 | Create | Trade Cart |
| 21:02 | Build | Mining Camp |
| 21:59 | Research | Scale Barding Armor |
| 22:00 | Research | Padded Archer Armor |
| 22:00 | Research | Fletching |
| 22:06 | Research | Forging |
| 22:13 | Create | Villager (Male) |
| 22:14 | Create | Villager (Male) |
| 22:28 | Research | Stone Mining |
| 22:41 | Age | Castle Age |
| 22:45 | Research | Hand Cart |
| 22:48 | Research | Heavy Plow |
| 22:56 | Research | Bow Saw |
| 23:23 | Build | Town Center |
| 23:41 | Create | Villager (Male) |
| 24:44 | Build | Town Center |
| 25:10 | Build | Farm |
| 25:36 | Create | Villager (Male) |
| 25:42 | Create | Villager (Male) |
| 25:42 | Create | Villager (Male) |
| 25:43 | Create | Villager (Male) |
| 25:43 | Create | Villager (Male) |
| 25:43 | Create | Villager (Male) |
| 25:43 | Create | Villager (Male) |
| 25:44 | Create | Villager (Male) |
| 25:49 | Build | Farm |
| 25:53 | Build | Farm |
| 26:05 | Create | Villager (Male) |
| 26:05 | Create | Villager (Male) |
| 26:05 | Create | Villager (Male) |
| 26:05 | Create | Villager (Male) |
| 26:21 | Build | Farm |
| 26:35 | Create | Villager (Male) |
| 26:44 | Build | Mining Camp |
| 26:57 | Create | Villager (Male) |
| 26:57 | Create | Villager (Male) |
| 26:58 | Create | Villager (Male) |
| 26:58 | Create | Villager (Male) |
| 26:58 | Create | Villager (Male) |
| 26:58 | Create | Villager (Male) |
| 26:59 | Create | Villager (Male) |
| 27:04 | Create | Villager (Male) |
| 27:30 | Build | Farm |
| 27:32 | Build | Farm |
| 27:33 | Build | Farm |
| 27:35 | Build | Farm |
| 27:38 | Build | Farm |
| 27:47 | Create | Villager (Male) |
| 27:47 | Create | Villager (Male) |
| 28:15 | Create | Villager (Male) |
| 28:16 | Create | Villager (Male) |
| 28:16 | Create | Villager (Male) |
| 28:16 | Create | Villager (Male) |
| 28:28 | Build | House |
| 28:30 | Build | House |
| 28:30 | Build | House |
| 28:32 | Build | House |
| 28:32 | Build | House |
| 28:33 | Build | House |
| 28:35 | Build | House |
| 28:36 | Build | House |
Build order — Moritzbrandy
First 150 of 416 actions detected
| 0:03 | Build | House |
| 0:07 | Build | House |
| 0:18 | Create | Villager (Male) |
| 0:19 | Create | Villager (Male) |
| 0:19 | Create | Villager (Male) |
| 0:20 | Create | Villager (Male) |
| 1:51 | Create | Villager (Male) |
| 2:08 | Build | Lumber Camp |
| 2:13 | Create | Villager (Male) |
| 2:41 | Create | Villager (Male) |
| 3:14 | Create | Villager (Male) |
| 3:15 | Create | Villager (Male) |
| 3:47 | Build | Mill |
| 3:54 | Create | Villager (Male) |
| 4:00 | Create | Villager (Male) |
| 4:33 | Create | Villager (Male) |
| 5:00 | Build | House |
| 5:02 | Research | Loom |
| 5:02 | Create | Villager (Male) |
| 5:03 | Create | Villager (Male) |
| 6:11 | Create | Villager (Male) |
| 6:11 | Create | Villager (Male) |
| 6:12 | Create | Villager (Male) |
| 6:55 | Create | Villager (Male) |
| 7:33 | Build | House |
| 7:42 | Create | Villager (Male) |
| 8:25 | Build | Palisade Wall |
| 8:44 | Create | Villager (Male) |
| 8:44 | Create | Villager (Male) |
| 9:22 | Build | Mining Camp |
| 9:53 | Create | Villager (Male) |
| 9:56 | Create | Villager (Male) |
| 9:57 | Research | Feudal Age |
| 12:20 | Build | Palisade Gate |
| 12:27 | Create | Villager (Male) |
| 12:32 | Build | House |
| 12:53 | Age | Feudal Age |
| 12:55 | Build | Lumber Camp |
| 13:02 | Build | Blacksmith |
| 13:10 | Build | Market |
| 13:24 | Create | Villager (Male) |
| 13:25 | Create | Villager (Male) |
| 13:28 | Research | Double-Bit Axe |
| 14:05 | Create | Villager (Male) |
| 14:53 | Build | House |
| 14:54 | Build | House |
| 14:56 | Build | House |
| 15:05 | Create | Villager (Male) |
| 15:11 | Build | Farm |
| 15:12 | Build | Farm |
| 15:37 | Research | Castle Age |
| 16:11 | Research | Horse Collar |
| 16:17 | Build | Farm |
| 16:18 | Build | Farm |
| 16:20 | Build | Farm |
| 16:22 | Build | Farm |
| 16:24 | Build | Farm |
| 16:26 | Build | Farm |
| 16:27 | Build | Farm |
| 16:30 | Build | Farm |
| 16:31 | Build | Farm |
| 16:35 | Build | Farm |
| 16:38 | Build | Farm |
| 17:37 | Research | Wheelbarrow |
| 18:17 | Age | Castle Age |
| 18:24 | Build | House |
| 18:25 | Build | House |
| 18:26 | Build | House |
| 18:40 | Build | Town Center |
| 18:54 | Build | Town Center |
| 19:53 | Build | House |
| 19:55 | Build | House |
| 19:58 | Build | House |
| 20:01 | Create | Villager (Male) |
| 20:02 | Create | Villager (Male) |
| 20:02 | Create | Villager (Male) |
| 20:04 | Create | Villager (Male) |
| 20:06 | Research | Hand Cart |
| 20:19 | Build | Farm |
| 20:23 | Build | Farm |
| 20:24 | Build | Farm |
| 20:27 | Build | Farm |
| 20:28 | Build | Farm |
| 20:35 | Create | Villager (Male) |
| 20:42 | Build | Farm |
| 20:43 | Build | Farm |
| 20:44 | Build | Farm |
| 20:46 | Build | Farm |
| 20:47 | Build | Farm |
| 20:50 | Build | Farm |
| 20:50 | Build | Farm |
| 20:51 | Build | Farm |
| 20:51 | Build | Farm |
| 20:51 | Build | Farm |
| 20:52 | Build | Farm |
| 20:52 | Build | Farm |
| 20:53 | Build | Farm |
| 20:53 | Build | Farm |
| 20:53 | Build | Farm |
| 20:54 | Build | Farm |
| 20:55 | Build | Farm |
| 20:55 | Build | Farm |
| 20:55 | Build | Farm |
| 20:56 | Build | Farm |
| 21:04 | Build | Farm |
| 21:18 | Create | Villager (Male) |
| 21:19 | Create | Villager (Male) |
| 21:35 | Build | Mining Camp |
| 21:44 | Create | Villager (Male) |
| 21:45 | Create | Villager (Male) |
| 21:58 | Create | Villager (Male) |
| 21:58 | Create | Villager (Male) |
| 22:00 | Create | Villager (Male) |
| 22:04 | Create | Villager (Male) |
| 22:21 | Research | Bow Saw |
| 22:24 | Create | Villager (Male) |
| 22:37 | Create | Villager (Male) |
| 23:00 | Create | Villager (Male) |
| 23:00 | Create | Villager (Male) |
| 23:01 | Create | Villager (Male) |
| 23:01 | Create | Villager (Male) |
| 23:03 | Create | Villager (Male) |
| 23:05 | Create | Villager (Male) |
| 23:21 | Build | Farm |
| 23:22 | Build | Farm |
| 23:23 | Build | Farm |
| 23:24 | Build | Farm |
| 23:25 | Build | Farm |
| 23:38 | Create | Villager (Male) |
| 23:39 | Create | Villager (Male) |
| 23:40 | Create | Villager (Male) |
| 23:44 | Research | Heavy Plow |
| 23:55 | Create | Villager (Male) |
| 23:57 | Create | Villager (Male) |
| 24:11 | Build | Farm |
| 24:13 | Build | Farm |
| 24:17 | Create | Villager (Male) |
| 24:20 | Create | Villager (Male) |
| 24:21 | Create | Villager (Male) |
| 24:22 | Create | Villager (Male) |
| 24:23 | Create | Villager (Male) |
| 24:34 | Build | Farm |
| 24:34 | Build | Farm |
| 24:36 | Build | Farm |
| 24:39 | Build | Farm |
| 24:40 | Build | Farm |
| 24:48 | Create | Villager (Male) |
| 24:49 | Create | Villager (Male) |
| 24:49 | Create | Villager (Male) |
| 24:55 | Create | Villager (Male) |
Match timeline
| 7:56 | nutix · first_building Barracks |
| 8:25 | Moritzbrandy · wall_segment Palisade Wall x22 |
| 8:27 | Dellafluf · first_building Barracks |
| 9:16 | nutix · age_up feudal |
| 9:25 | nutix · first_building Stable |
| 10:23 | Dellafluf · age_up feudal |
| 10:51 | PetitWawan · age_up feudal |
| 10:53 | xinako13 · age_up feudal |
| 10:54 | xinako13 · first_building Barracks |
| 11:10 | amossegaetan · first_building Barracks |
| 12:27 | amossegaetan · age_up feudal |
| 12:53 | Moritzbrandy · age_up feudal |
| 13:03 | PetitWawan · first_building Barracks |
| 13:14 | amossegaetan · wall_segment Stone Wall x22 |
| 15:21 | PetitWawan · first_building Stable |
| 15:26 | Moritzbrandy · first_market_buy 100 food |
| 16:55 | Dellafluf · first_market_buy 100 food |
| 18:17 | Moritzbrandy · age_up castle |
| 19:27 | PetitWawan · age_up castle |
| 20:13 | Dellafluf · age_up castle |
| 20:23 | Dellafluf · first_building Castle |
| 20:33 | Dellafluf · first_building Monastery |
| 20:49 | PetitWawan · first_building Monastery |
| 21:20 | nutix · age_up castle |
| 22:15 | amossegaetan · wall_segment Stone Wall x17 |
| 22:41 | xinako13 · age_up castle |
| 23:06 | nutix · first_market_sell 100 food |
| 23:45 | amossegaetan · age_up castle |
| 25:59 | amossegaetan · first_building Siege Workshop |
| 26:04 | PetitWawan · first_building Castle |
| 26:17 | xinako13 · first_market_buy 100 wood |
| 27:11 | amossegaetan · first_building Castle |
| 27:37 | amossegaetan · first_building Stable |
| 27:55 | nutix · first_building Monastery |
| 28:30 | Moritzbrandy · first_building Castle |
| 28:38 | PetitWawan · first_market_buy 100 food |
| 29:37 | xinako13 · first_building Castle |
| 29:52 | xinako13 · first_building Stable |
| 30:35 | nutix · first_building Siege Workshop |
| 30:51 | xinako13 · first_building Siege Workshop |
| 31:10 | Moritzbrandy · first_building Barracks |
| 31:55 | nutix · first_building Castle |
| 32:02 | Moritzbrandy · first_building Monastery |
| 32:15 | Moritzbrandy · first_building Stable |
| 32:22 | nutix · age_up imperial |
| 33:30 | Moritzbrandy · first_building Siege Workshop |
| 34:14 | Moritzbrandy · age_up imperial |
| 34:17 | Dellafluf · age_up imperial |
| 35:16 | xinako13 · age_up imperial |
| 36:02 | PetitWawan · age_up imperial |
| 38:36 | Dellafluf · first_building Siege Workshop |
| 40:56 | nutix · first_market_buy 100 food |
| 46:15 | amossegaetan · age_up imperial |
| 53:08 | Dellafluf · first_market_sell 500 wood |
| 55:40 | amossegaetan · wall_segment Stone Wall x5 |
| 55:45 | nutix · resign |
[ AI ANALYSIS · 1 CREDIT ]
What really happened in this match?
Wolo.gg analyzes every decision: build order, eco, micro, common mistakes by bracket. Personalized analysis on WhatsApp or Discord in 30 seconds.
Civ guide
Goths
Perfil
Jugador #24611736